Map: Orbital Shipyard

Players

Thor

  • Race: Terran Terran
  • League: Master
  • Spawn Location: 7:00

A.I. 1 (Very Easy) - Winner!

  • Race: Protoss Protoss
  • Spawn Location: 1:00

VOD

Have the link to the VOD?

Description

Time

  • Played on: March 20, 2016, 5:18 p.m.
  • Length: 10:51
Show
View Real Time Build Order
Export as new Build Order

Thor Terran 

Build Orders: Liberator Opening 

Get SALT Encoding   

  12  0:01  SCV  
  13  0:13  SCV  
  14  0:18  Supply Depot  
  14  0:25  SCV  
  15  0:40  SCV  
  15  0:42  Barracks  
  16  0:46  Refinery  
  16  0:52  SCV  
  17  1:04  SCV  
  18  1:16  SCV  
  19  1:28  Orbital Command  
  19  1:34  Barracks Reactor  
  19  1:40  Command Center  
  19  1:50  Supply Depot  
  20  1:54  SCV  
  20  2:06  SCV  
  21  2:08  Factory  
  21  2:15  Marine  
  21  2:16  Marine  
  21  2:19  Refinery, SCV  
  24  2:31  SCV  
  24  2:33  Marine x2  
  27  2:44  SCV  
  28  2:52  Factory Tech Lab  
  28  2:53  Orbital Command, Starport  
  28  2:55  Marine  
  28  2:57  Marine  
  30  3:01  SCV  
  31  3:13  SCV  
  31  3:16  Cyclone  
  31  3:19  SCV  
  36  3:25  SCV  
  36  3:26  Liberator  
  37  3:29  Marine  
  37  3:30  Marine  
  39  3:34  SCV  
  39  3:37  SCV  
  39  3:39  Supply Depot  
  41  3:46  SCV  
  45  3:49  SCV  
  46  3:57  Factory Tech Lab  
  46  4:00  Marine x2  
  46  4:01  Barracks, SCV  
  46  4:02  Supply Depot  
  49  4:05  SCV  
  49  4:06  Barracks  
  49  4:09  Liberator  
  50  4:13  SCV  
  51  4:17  SCV  
  51  4:22  Marine x2  
  51  4:23  Factory Reactor  
  54  4:27  SCV  
  54  4:30  Supply Depot  
  58  4:37  Command Center  
  58  4:38  SCV  
  59  4:41  SCV  
  60  4:50  Stimpack  
  60  4:51  Marine x2  
  62  4:53  SCV  
  62  4:56  Refinery  
  62  4:57  Refinery  
  62  4:58  Engineering Bay  
  62  4:59  Engineering Bay  
  63  5:01  SCV  
  63  5:04  Marine  
  65  5:07  Supply Depot  
  65  5:08  SCV  
  65  5:10  Combat Shield  
  65  5:12  Marine  
  69  5:22  Widow Mine  
  69  5:25  SCV  
  70  5:28  SCV  
  70  5:32  Supply Depot  
  70  5:34  Marine  
  70  5:35  Marine x3  
  77  5:36  Widow Mine  
  77  5:37  Starport Reactor  
  77  5:40  Terran Infantry Weapons Level 1  
  77  5:43  Terran Infantry Armor Level 1  
  77  5:45  SCV  
  77  5:48  Orbital Command, SCV  
  79  5:52  Barracks  
  79  5:54  Barracks  
  79  5:58  Supply Depot  
  79  6:01  SCV  
  79  6:02  Liberator x2, SCV  
  79  6:03  Marine  
  86  6:05  Marine  
  86  6:06  Marine  
  86  6:07  Widow Mine, Marine  
  86  6:08  Widow Mine  
  89  6:13  Orbital Command  
  89  6:21  SCV x2  
  89  6:23  Supply Depot  
  97  6:33  SCV  
  97  6:35  Armory  
  98  6:44  Refinery, SCV x2, Starport  
  98  6:45  Refinery, Factory Reactor, Barracks Tech Lab  
  98  6:46  Barracks Reactor  
  100  6:50  SCV  
  100  6:54  Supply Depot  
  101  6:56  SCV, Supply Depot  
  101  6:57  SCV  
  103  7:08  Medivac x2  
  105  7:09  Marine x3, Marauder  
  105  7:10  Marine  
  105  7:12  SCV  
  105  7:13  SCV  
  105  7:15  Liberator, SCV  
  115  7:17  Supply Depot  
  115  7:18  Supply Depot  
  115  7:21  Liberator  
  116  7:25  SCV x2  
  116  7:27  Marauder  
  116  7:28  Marine x4  
  128  7:34  Widow Mine x2, SCV  
  132  7:40  Supply Depot  
  132  7:41  Supply Depot  
  132  7:42  SCV x2  
  132  7:44  Terran Infantry Weapons Level 2  
  137  7:47  SCV  
  138  7:51  Liberator  
  138  7:55  Terran Infantry Armor Level 2  
  138  7:56  Liberator  
  138  8:01  Missile Turret  
  138  8:02  Missile Turret  
  138  8:05  Missile Turret  
  138  8:06  Missile Turret  
  138  8:07  Supply Depot  
  138  8:08  Supply Depot, Missile Turret  
  138  8:09  Missile Turret  
  144  8:34  Marine x4, Marauder x2  
  147  8:35  Marauder  
  147  8:36  Medivac x2  
  147  8:38  Liberator  
  162  8:43  Command Center  
  162  8:44  Widow Mine x2  
  162  8:45  Supply Depot  
  162  8:47  Supply Depot  
  162  8:51  Marine  
  162  8:52  Liberator  
  165  8:56  Marine x3, Marauder  
  165  8:57  Marauder x2  
  175  9:09  Marine  
  179  9:13  Liberator  
  179  9:14  Marine, Supply Depot x2  
  186  9:17  Marauder  
  186  9:18  Liberator, Marauder  
  186  9:20  Widow Mine  
  186  9:21  Widow Mine, Ghost Academy  
  186  9:23  Marine x2  
  186  9:24  Marauder  
  198  9:40  Starport  
  198  9:45  Fusion Core  
  198  9:49  Marine x2  
  200  9:53  Barracks x2  
  200  9:55  Barracks  
  200  10:07  Sensor Tower  
  200  10:15  Missile Turret  
  200  10:16  Refinery  
  200  10:17  Missile Turret  
  200  10:18  Missile Turret  
  200  10:20  Refinery  
  200  10:21  Starport Tech Lab  
  200  10:40  Sensor Tower  
  200  10:43  Barracks Tech Lab x3  
Show
View Real Time Build Order
Export as new Build Order

A.I. 1 (Very Easy) Protoss - Winner!

Build Orders: 1 Gate Expand, Nexus First 

Get SALT Encoding   

  12  0:01  Probe (Chrono Boost)  
  13  0:11  Probe (Chrono Boost)  
  14  0:20  Pylon  
  14  0:42  Gateway  
  14  1:04  Nexus  
  14  1:18  Pylon  
  14  1:23  Assimilator  
  14  1:28  Zealot  
  16  1:35  Cybernetics Core  
  16  1:37  Probe (Chrono Boost)  
  17  1:49  Probe (Chrono Boost)  
  18  2:00  Probe (Chrono Boost)  
  18  2:01  Assimilator  
  19  2:09  Stalker  
  19  2:11  Probe (Chrono Boost)  
  22  2:17  Probe (Chrono Boost)  
  23  2:25  Probe (Chrono Boost)  
  24  2:31  Probe (Chrono Boost)  
  24  2:33  Warp Gate  
  25  2:38  Probe (Chrono Boost)  
  26  2:46  Probe (Chrono Boost)  
  26  2:50  Pylon  
  27  2:54  Probe (Chrono Boost)  
  28  3:00  Probe (Chrono Boost)  
  29  3:07  Robotics Facility  
  29  3:08  Probe (Chrono Boost)  
  30  3:21  Zealot  
  30  3:24  Assimilator  
  30  3:26  Probe (Chrono Boost)  
  34  3:34  Probe (Chrono Boost)  
  34  3:41  Probe (Chrono Boost)  
  35  3:48  Probe (Chrono Boost)  
  36  3:54  Assimilator, Observer  
  37  3:56  Probe (Chrono Boost)  
  37  4:02  Probe (Chrono Boost)  
  40  4:10  Probe (Chrono Boost)  
  40  4:14  Observer  
  42  4:17  Probe (Chrono Boost)  
  43  4:24  Probe (Chrono Boost)  
  43  4:30  Probe (Chrono Boost)  
  44  4:37  Probe (Chrono Boost)  
  44  4:38  Stalker  
  47  4:40  Pylon  
  47  4:45  Probe (Chrono Boost)  
  49  4:53  Probe (Chrono Boost)  
  49  4:59  Probe (Chrono Boost)  
  46  5:43  Immortal  
  46  5:49  Probe (Chrono Boost)  
  44  5:52  Pylon  
  44  5:55  Probe (Chrono Boost)  
  36  6:03  Probe (Chrono Boost)  
  30  6:10  Probe (Chrono Boost)  
  20  6:17  Probe (Chrono Boost), Immortal  
  15  6:24  Probe (Chrono Boost)  
  19  6:32  Probe (Chrono Boost)  
  19  6:39  Probe (Chrono Boost)  
  19  6:46  Probe (Chrono Boost)  
  19  6:51  Immortal  
  19  6:53  Probe (Chrono Boost)  
  19  7:00  Probe (Chrono Boost)  
  23  7:07  Probe (Chrono Boost)  
  23  7:14  Probe (Chrono Boost)  
  23  7:22  Probe (Chrono Boost)  
  23  7:29  Probe (Chrono Boost)  
  23  7:36  Probe (Chrono Boost)  
  23  7:43  Probe (Chrono Boost)  
  23  7:50  Probe (Chrono Boost)  
  23  7:57  Probe (Chrono Boost)  
  23  8:04  Probe (Chrono Boost)  
  23  8:05  Stalker  
  23  8:12  Probe (Chrono Boost)  
  25  8:18  Probe (Chrono Boost)  
  25  8:26  Probe (Chrono Boost)  
  25  8:33  Probe (Chrono Boost)  
  25  8:40  Probe (Chrono Boost)  
  25  8:47  Probe (Chrono Boost)  
  25  8:54  Probe (Chrono Boost)  
  25  9:01  Probe (Chrono Boost)  
  25  9:08  Probe (Chrono Boost)  
  25  9:16  Probe (Chrono Boost)  
  25  9:19  Stalker  
  25  9:23  Probe (Chrono Boost)  
  27  9:31  Probe (Chrono Boost)  
  27  9:38  Probe (Chrono Boost)  
  27  9:45  Probe (Chrono Boost)  
  27  9:52  Probe (Chrono Boost)  
  27  9:59  Probe (Chrono Boost)  
  27  10:06  Probe (Chrono Boost)  
  27  10:14  Probe (Chrono Boost)  
  27  10:20  Probe (Chrono Boost)  
  27  10:28  Probe (Chrono Boost)  
  27  10:33  Zealot  
  27  10:34  Probe (Chrono Boost)  
Tags
 
Add a new tag
Caveats
  • Supply blocks, unpowered buildings, or Contaminate may cause inaccurate times.
  • Supply counts are checked every 10 seconds.